 Dungeon Crawl Stone Soup version 0.31-a0-604-g8e0283293c (webtiles) character file.

Game seed: 13346117040721269181

140 Turgor the Changeling (level 5, -1/39 HPs)
             Began as a Merfolk Shapeshifter on Aug 21, 2023.
             Was an Initiate of Ru.
             Slain by a gnoll
             ... wielding a +0 flail
              (9 damage)
             ... on level 3 of the Dungeon.
             The game lasted 00:06:27 (2471 turns).

Turgor the Changeling (Merfolk Shapeshifter)        Turns: 2471, Time: 00:06:27

Health: -1/39      AC:  2    Str: 15    XL:     5   Next: 22%
Magic:  5/5        EV: 14    Int: 10    God:    Ru [......]
Gold:   30         SH:  0    Dex: 20    Spells: 4/4 levels left

rFire   . .          .
                       - Unarmed
rCold   . . .        (no shield)
rNeg    . . .        a - +0 animal skin
rPois   .            (helmet currently unavailable)
rElec   .            (cloak currently unavailable)
rCorr   .            (gloves currently unavailable)
SInv    .            (boots currently unavailable)
Will    .....        (no amulet)
Stlth   ++           m - +6 ring of dexterity
HPRegen 0.26/turn    (no ring)
MPRegen 0.09/turn

%: no passive effects
@: beast-form
A: beast (slay +3), (nimble swimmer 2), mertail
a: Begin Untransformation, Renounce Religion


You were on level 3 of the Dungeon.
You worshipped Ru.
Ru was noncommittal.
You were a hulking beast.
You visited 1 branch of the dungeon, and saw 3 of its levels.

You collected 90 gold pieces.
You spent 60 gold pieces at shops.

Inventory:

Missiles
 b - 10 poisoned darts (quivered)
Armour
 a - a +0 animal skin (worn)
Jewellery
 m - a +6 ring of dexterity (left hand)
Talismans
 c - a beast talisman (active)
 d - a flux talisman
Potions
 f - a potion of resistance {unknown}
 g - 2 potions of curing
 h - a potion of haste
 j - a potion of attraction {unknown}
 k - 2 potions of heal wounds {unknown}
 l - 2 potions of brilliance {unknown}
 o - a potion of mutation {unknown}


   Skills:
 + Level 2.5 Fighting
 + Level 3.8 Dodging
 + Level 4.0 Unarmed Combat
 * Level 5.3 Shapeshifting


You had 4 spell levels left.
You didn't know any spells.
Your spell library was empty.

Dungeon Overview and Level Annotations

Branches:
Dungeon (3/15)

Altars:
Ru

Shops:
D:2 ![

Annotations:
D:2 1 runed translucent door, Crazy Yiuf


Innate Abilities, Weirdness & Mutations

You are a hulking beast.
Your limbs bulge with bestial killing power. (Slay +3)
((You are very nimble when in or above water. (Stealth+, EV+, Speed+++)))
Your lower body shifts to a powerful aquatic tail in water.


Message History

The ball python closely misses you.
You barely miss the gnoll. The gnoll hits you with a +0 flail.
The gnoll shouts!
You punch the gnoll!
The gnoll is severely wounded.
You hit the gnoll.
The gnoll is heavily wounded.
You hit the gnoll but do no damage. You punch the gnoll, but do no damage.
The gnoll is heavily wounded.
The gnoll hits you with a +0 whip.
You punch the gnoll!
You kill the gnoll!
The ball python closely misses you. x2
You have reached level 5!
You feel clever.
You closely miss the ball python. The ball python bites you.
The ball python completely misses you.
You punch the ball python!
You kill the ball python!
You punch the gnoll!
You kill the gnoll!
Your Unarmed Combat skill increases to level 4!
You hit the gnoll. You punch the gnoll.
The gnoll is heavily wounded.
The gnoll barely misses you.
You barely miss the gnoll.
The gnoll is heavily wounded.
The gnoll hits you with a +0 whip!
You punch the gnoll!
You kill the gnoll!
You closely miss the gnoll. The gnoll hits you with a +0 flail!
* * * LOW HITPOINT WARNING * * *
You are too injured to fight recklessly!
Unknown command.
You closely miss the gnoll. The gnoll hits you with a +0 flail.
* * * LOW HITPOINT WARNING * * *
You hit the gnoll but do no damage. The gnoll hits you with a +0 flail.
* * * LOW HITPOINT WARNING * * *
You closely miss the gnoll. The gnoll hits you with a +0 flail!
You die...

# ...... #... #
...... #....
###########
#####...... ...
..........#
#.|........ ..
..........#
#.......... ######
..........#
#.......... #.....
......)...#
#........# #.####
........#.## #g# #..
.......#.#.## #h# #.#
......#...#.####.####
#
..#..#.....#.##.....#
..
..#..#.~~~.#.##..##.#
#.#
..##.#~...~#.##..# ..
#. ..##.#~._.~#.##..#
.# .
..##.#~...~#...>.# #
## ..# .#.~~~.#..####
### #.....#.##


You could see a gnoll.

Vanquished Creatures
  Terence (D:2)
  6 gnolls (D:3)
  A dart slug (D:1)
  An orc (D:3)
  3 bats
  7 endoplasms
  3 giant cockroaches (D:1)
  4 goblins
  7 hobgoblins
  2 jackals (D:1)
  2 quokkas
  2 ball pythons
  2 frilled lizards (D:2)
  4 kobolds
  4 rats
49 creatures vanquished.

Notes
Turn   | Place    | Note
-------+----------+-------------------------------------------
     0 | D:1      | Turgor the Merfolk Shapeshifter began the quest for the
                  | Orb.
     0 | D:1      | Reached XP level 1. HP: 15/15 MP: 1/1
   184 | D:1      | Reached XP level 2. HP: 21/21 MP: 2/2
   769 | D:1      | Reached XP level 3. HP: 23/27 MP: 3/3
  1143 | D:2      | Found a runed translucent door.
  1144 | D:2      | Noticed Crazy Yiuf
  1372 | D:2      | Found Ikitoucu's Distillery.
  1398 | D:2      | Bought 2 potions of degeneration for 24 gold pieces
  1398 | D:2      | Bought a potion of curing for 36 gold pieces
  1430 | D:2      | Found Qera's Antique Armour Shoppe.
  1490 | D:2      | Noticed Terence
  1501 | D:2      | Killed Terence
  1502 | D:2      | Reached XP level 4. HP: 31/33 MP: 4/4
  2308 | D:3      | Reached skill level 5 in Shapeshifting
  2393 | D:3      | Found a sacrificial altar of Ru.
  2408 | D:3      | Became a worshipper of Ru the Awakened
  2462 | D:3      | Reached XP level 5. HP: 32/39 MP: 5/5
  2471 | D:3      | Slain by a gnoll

Illustrated notes

Levels and vault maps discovered:
D:1:      dpeg_arrival_rooms_b, layout_loops_corners, serial_glass,
          glass_columns_b, glass_columns_b, solitary_fountain
D:2:      layout_loops_ring, serial_shops, nicolae_shop_statue_plus, shop,
          uniq_crazy_yiuf_cottage, uniq_terence
D:3:      layout_basic, nicolae_ru_awakened_eye

Skill      XL: |  1  2  3  4  5 |
---------------+----------------+-----
Dodging        | 3 |  3.8
Fighting       | 2 |  2.5
Shapeshifting  | 5 |  5.3
Unarmed Combat | 4 |  4.0

Action                     |  1- 3 |  4- 6 || total
---------------------------+-------+-------++-------
  Melee: Unarmed           |    90 |    55 ||   145
         Punch             |       |     3 ||     3
    Use: Potion            |     1 |       ||     1
         Scroll            |       |     4 ||     4
   Stab: Sleeping          |     3 |       ||     3
 Armour: Animal skin       |    13 |     7 ||    20
         Skin              |     5 |       ||     5
  Dodge: Dodged            |    34 |    30 ||    64

Table legend: (Time is in decaauts)
 A = Elapsed time spent in this place.
 B = Non-inter-level travel time spent in this place.
 C = Inter-level travel time spent in this place.
 D = Time resting spent in this place.
 E = Time spent auto-exploring this place.
 F = Levels seen in this place.
 G = Mean time per level.
                   A        B        C        D        E       F      G
               +--------+--------+--------+--------+--------+-----+--------+
         Total |   2460 |   2324 |    136 |    109 |   1868 |   3 |  820.0 |
       Dungeon |   2460 |   2324 |    136 |    109 |   1868 |   3 |  820.0 |
               +--------+--------+--------+--------+--------+-----+--------+

Top non-repeatable levels by time:
     D:1: 1041 daAuts
     D:2: 955 daAuts
     D:3: 463 daAuts
